cohdb
Replays
Latest Replays
All Replays
Popular Replays
Top Player Replays
Match Explorer
How It Works
Community
CoH3 Stats
Reddit
Sign in to upload your games and track your stats! →
Sign in with Steam
Match 42586239
Unlisted
Match 42586239
Overview
Messages
Build Orders
End
Selects Australian Defense Battlegroup
Selects Australian Light Infantry Section
Australian Light Infantry Section
Construct Section Command Post
Dingo Light Scout Car
Australian Light Infantry Section
Infantry Section
Selects 2-pounder Anti-tank Gun Team
2-pounder Anti-tank Gun Team
ML 3-inch Mortar Team
Construct Platoon Command Post
Construct Company Command Post
Matilda II Heavy Tank
Selects Vehicle Over Repair
Unlock M3 Grant Medium Tanks
6-pounder Anti-tank Gun Team
M3 Grant Medium Tank
[82AD] PaulVmax
FocusFuelOrFaceMyWrath
Computer - Hard
FloppyBob
Mee Mee Cute
Anti-Something Squad
BearableBear
nop.8
0
0
Comments
sign in to comment!
No comments posted yet!